 Dungeon Crawl Stone Soup version 0.30-b1-2-g02819fbbbe (webtiles) character file.

Game seed: 16428675336414809701

9 Alarkh the Caller (level 2, 19/19 HPs)
             Began as a Demonspawn Summoner on May 30, 2023.
             Got out of the dungeon alive.
             The game lasted 00:00:56 (330 turns).

Alarkh the Caller (Demonspawn Summoner)              Turns: 330, Time: 00:00:57

Health: 19/19      AC:  2    Str:  8    XL:     2   Next: 3%
Magic:  5/5        EV: 12    Int: 16    God:
Gold:   18         SH:  4    Dex: 13    Spells: 4/5 levels left

rFire   . . .        h - +0 halberd
rCold   . . .        (shield currently unavailable)
rNeg    . . .        a - +0 robe
rPois   .            (no helmet)
rElec   .            (no cloak)
rCorr   .            (no gloves)
SInv    .            (no boots)
Will    +....        (no amulet)
Stlth   ++           c - ring of willpower
HPRegen 0.23/turn    (no ring)
MPRegen 0.09/turn

%: no passive effects
@: no status effects
A: condensation shield
a: no special abilities


You escaped.
You visited 1 branch of the dungeon, and saw 1 of its levels.

You collected 18 gold pieces.

Inventory:

Hand Weapons
 h - a +0 halberd (weapon)
Armour
 a - a +0 robe (worn)
Jewellery
 c - a ring of willpower (left hand)
Scrolls
 e - a scroll of teleportation {unknown}
 f - a scroll of identify {unknown}
Potions
 b - a potion of magic
 d - 2 potions of attraction {unknown}
 g - a potion of heal wounds {unknown}
 i - a potion of resistance {unknown}


   Skills:
 - Level 1.7 Dodging
 - Level 1.7 Stealth
 + Level 2.2 Spellcasting
 * Level 4.3 Summonings


You had 4 spell levels left.
You knew the following spells:

 Your Spells              Type           Power      Damage    Failure   Level
a - Summon Small Mammal   Summ           60%        N/A       3%          1

Your spell library contained the following spells:

 Spells                   Type           Power      Damage    Failure   Level
 Call Imp                 Summ           30%        N/A       5%          2
 Call Canine Familiar     Summ           15%        N/A       11%         3
 Summon Guardian Golem    Hex/Summ       8%         N/A       26%         3
 Summon Lightning Spire   Summ/Air       8%         N/A       63%         4


Dungeon Overview and Level Annotations

Branches:
Dungeon (1/15)

Altars:

Shops:
D:1 *[


Innate Abilities, Weirdness & Mutations

A meltable shield of frost defends you. (SH +4)


Message History

The ball python grabs you. The ball python constricts you.
Your rat barely misses the ball python.
The ball python bites you. The ball python constricts you.
Your rat closely misses the ball python.
You puncture the ball python!
You kill the ball python!
Your bat hits the dart slug but does no damage.
The dart slug launches a dart at you. The slug dart hits your rat.
Your rat dies!
Your rat's corpse disappears in a puff of smoke!
Your bat completely misses the dart slug.
Your bat hits the dart slug.
Your bat hits the dart slug but does no damage.
Casting: Summon Small Mammal (safe; 3% risk of failure)
Confirm with . or Enter, or press ? or * to list all spells.
Your bat hits the dart slug but does no damage.
Unknown command.
You hit the dart slug.
The dart slug is moderately wounded.
Your bat hits the dart slug. x2; The dart slug closely misses you.
You puncture the dart slug!
You kill the dart slug!
You have reached level 2!
Your demonic ancestry asserts itself...
Frost condenses into a shield before you.
Okay, then.
Your bat disappears in a puff of smoke!
Your bat disappears in a puff of smoke!
There is an entrance to Ymone's Armour Shop here.
You open the door.
There is an open door here.
You see here 5 stones.
There is an open door here.
There is an open door here.
There is a large open door here.
There is a large open door here.
There is a staircase leading out of the dungeon here.
Are you sure you want to leave the Dungeon?
This will make you lose the game!
You have escaped!

#.#..÷..)#...#.# ##...#
#......#.
#.#......#.....########
##.......
#....................#
#.......
###.....###..........#
#.......
#.##...............#
#....#..
#..#################
#∩...##. ##(########
##### ##...##.
#......... +...#
#...##. #.########
#.@.# #...##.
#.##########...#
#...##.
#.#.......###'##
#...###
#.#.......###'########
#...#..
#.#.8.⌠.8.#...........
....#.#
#.#......('..>....####
#.# #.#.......#......##
... #.##+###'#########
#.# #.##.....#


There were no monsters in sight!

Vanquished Creatures
  A dart slug (D:1)
  A giant cockroach (D:1)
  A ball python (D:1)
3 creatures vanquished.

Vanquished Creatures (collateral kills)
  An endoplasm (D:1)
  2 bats (D:1)
  A kobold (D:1)
  A rat (D:1)
5 creatures vanquished.

Grand Total: 8 creatures vanquished

Notes
Turn   | Place    | Note
-------+----------+-------------------------------------------
     0 | D:1      | Alarkh the Demonspawn Summoner began the quest for the Orb.
     0 | D:1      | Reached XP level 1. HP: 13/13 MP: 3/3
    36 | D:1      | Found a faded altar of an unknown god.
   175 | D:1      | Found Bociv's Assorted Antiques.
   211 | D:1      | Found Ymone's Armour Shop.
   229 | D:1      | Gained mutation: A meltable shield of frost defends you.
                  | (SH +4) [demonic ancestry]
   229 | D:1      | Reached XP level 2. HP: 19/19 MP: 1/5
   330 | D:$      | Got out of the dungeon alive.

Illustrated notes

Levels and vault maps discovered:
D:1:      dpeg_arrival_simpleton_b, layout_basic,
          hellmonk_ecumenical_altar_lost_god, serial_shops,
          nicolae_shop_tiny_glass, shop, shop, shop, nicolae_shop_hallway_plus,
          minmay_octomino_e4

Action                     || total
---------------------------++-------
  Melee: Halberd           ||     9
         Unarmed           ||     5
   Cast: Summon Small Mamm ||    10
 Armour: Robe              ||     8
  Dodge: Dodged            ||    13
